Map: [ESL] Site Delta

Players

GuMiho

  • Race: Terran Terran
  • Spawn Location: 11:00

Astrea - Winner!

  • Race: Protoss Protoss
  • Spawn Location: 5:00

Event: ESL SC2 Masters 2023 Winter (Finals)

VOD

Have the link to the VOD?

Description

Time

  • Played on: Dec. 15, 2023, 1:40 p.m.
  • Length: 5:40

All games in this series

Show
View Real Time Build Order
Export as new Build Order

GuMiho Terran 

Build Orders:  

Get SALT Encoding   

  12  0:00  SCV  
  13  0:12  SCV  
  14  0:17  Supply Depot  
  14  0:24  SCV  
  15  0:39  SCV  
  15  0:41  Barracks  
  16  0:44  Refinery  
  16  0:51  SCV  
  16  0:52  Refinery  
  17  1:03  SCV  
  18  1:15  SCV  
  19  1:27  Orbital Command  
  19  1:28  Reaper  
  19  1:30  Supply Depot  
  20  1:42  Factory  
  20  1:53  SCV  
  21  2:00  Barracks Reactor  
  21  2:05  SCV  
  22  2:18  SCV  
  23  2:23  Command Center  
  23  2:27  Factory Tech Lab  
  23  2:30  SCV  
  23  2:36  Marine  
  23  2:37  Marine  
  25  2:42  SCV  
  27  2:45  Siege Tank  
  27  2:50  Supply Depot  
  30  2:54  SCV  
  31  3:05  Starport  
  31  3:12  Marine x2  
  33  3:14  Supply Depot  
  33  3:21  Siege Tank  
  33  3:24  SCV  
  37  3:29  Marine  
  37  3:30  Marine  
  39  3:36  SCV  
  40  3:42  Medivac  
  40  3:47  Marine x2  
  44  3:49  SCV  
  45  3:55  Orbital Command  
  45  3:59  Siege Tank  
  45  4:02  SCV  
  49  4:05  Marine x2  
  49  4:08  Supply Depot  
  51  4:14  SCV  
  51  4:16  Viking  
  54  4:22  SCV  
  54  4:23  Marine  
  56  4:25  Marine  
  56  4:26  SCV  
  58  4:33  Supply Depot  
  58  4:35  SCV  
  62  4:38  SCV  
  62  4:41  Marine  
  62  4:43  Marine  
  64  4:48  Starport Reactor  
  64  4:50  SCV  
  64  4:51  Cyclone  
  64  4:52  Viking  
  67  4:58  Marine  
  64  5:00  Marine  
  62  5:11  SCV x2  
  56  5:16  Marine  
  56  5:18  Marine  
  52  5:23  SCV x2  
Show
View Real Time Build Order
Export as new Build Order

Astrea Protoss - Winner!

Build Orders: 1 Gate Expand, Blink Stalkers 

Get SALT Encoding   

  12  0:00  Probe  
  13  0:12  Probe  
  14  0:17  Pylon  
  14  0:24  Probe (Chrono Boost)  
  15  0:36  Gateway, Probe (Chrono Boost)  
  16  0:43  Probe (Chrono Boost)  
  16  0:46  Assimilator  
  17  0:51  Probe  
  18  1:03  Probe  
  19  1:15  Probe  
  20  1:25  Cybernetics Core  
  20  1:32  Nexus  
  20  1:35  Probe  
  21  1:42  Pylon  
  22  1:47  Probe  
  22  1:50  Assimilator  
  22  1:58  Adept (Chrono Boost)  
  22  1:59  Probe  
  25  2:04  Warp Gate  
  24  2:09  Shield Battery  
  24  2:12  Probe  
  25  2:18  Adept (Chrono Boost)  
  27  2:25  Probe  
  28  2:33  Twilight Council  
  28  2:37  Probe  
  29  2:45  Stalker  
  29  2:48  Probe  
  32  2:52  Probe  
  33  3:00  Probe  
  33  3:01  Blink (Chrono Boost)  
  34  3:10  Probe  
  35  3:13  Shield Battery  
  35  3:15  Probe  
  36  3:23  Probe  
  36  3:24  Robotics Facility  
  37  3:27  Probe  
  37  3:32  Gateway  
  38  3:35  Probe  
  38  3:39  Probe  
  40  3:45  Gateway  
  40  3:47  Probe  
  41  3:52  Stalker, Probe  
  44  3:56  Pylon  
  44  3:59  Probe  
  45  4:04  Probe  
  45  4:08  Pylon  
  45  4:09  Assimilator  
  46  4:12  Assimilator  
  46  4:14  Observer (Chrono Boost), Probe  
  46  4:16  Probe  
  49  4:19  Stalker  
  51  4:24  Pylon  
  51  4:26  Probe  
  51  4:27  Stalker  
  51  4:29  Probe  
  55  4:34  Observer  
  56  4:38  Probe  
  56  4:39  Stalker  
  56  4:41  Probe  
  60  4:48  Stalker  
  60  4:51  Pylon  
  62  4:54  Stalker  
  62  5:03  Stalker  
  62  5:06  Probe  
  63  5:12  Stalker  
  65  5:14  Probe  
  65  5:18  Probe  
  65  5:21  Stalker  
  65  5:26  Probe  
Tags
 
Add a new tag
Caveats
  • Supply blocks, unpowered buildings, or Contaminate may cause inaccurate times.
  • Supply counts are checked every 10 seconds.